 Dungeon Crawl Stone Soup version 0.26.1-11-gd32895ea62 (webtiles) character file.

Game seed: 4011710615324191800

340 Lisafication the Ducker (level 6, 0/61 HPs)
             Began as a Troll Berserker on May 9, 2021.
             Was a Believer of Trog.
             Slain by Duvessa
             ... wielding a +0 short sword
              (6 damage)
             ... on level 6 of the Dungeon.
             The game lasted 00:14:27 (1689 turns).

Lisafication the Ducker (Troll Berserker)           Turns: 1689, Time: 00:14:27

Health: 0/61       AC:  6    Str: 28    XL:     6   Next: 30%
Magic:  0/5        EV:  1    Int:  3    God:    Trog [**....]
Gold:   74         SH:  0    Dex: -11 (9) Spells: 5/5 levels left

rFire    . . .     SeeInvis .   q - +0 war axe
rCold    . . .     Faith    .   (no shield)
rNeg     . . .     Spirit   +   b - +0 animal skin
rPois    .         Reflect  .   (helmet restricted)
rElec    .         Harm     .   (no cloak)
rCorr    .         Rampage  .   (gloves unavailable)
Will     .....                  (boots unavailable)
Stlth    ..........             f - amulet of guardian spirit
HPRegen  0.60/turn              (no ring)
MPRegen  0.09/turn              (no ring)

@: berserk cooldown, slowed, lost dexterity, very slow
A: large, unfitting armour, claws 3, regeneration 1, shaggy fur 1, tough skin 3
a: Renounce Religion, Berserk, Trog's Hand


You were on level 6 of the Dungeon.
You worshipped Trog.
Trog was pleased with you.
You visited 1 branch of the dungeon, and saw 4 of its levels.

You collected 74 gold pieces.

Inventory:

Hand Weapons
 a - a +0 hand axe
 c - a +0 club
 d - a +0 club
 g - a +0 club
 i - a +0 hand axe
 q - a +0 war axe (weapon)
 s - a +2 flail of holy wrath
Missiles
 j - 15 sling bullets
Armour
 b - a +0 animal skin (worn)
 k - a +0 leather armour
 r - a +0 chain mail
Jewellery
 f - an amulet of guardian spirit (around neck)
 o - a cursed ring of teleportation {unknown}
Scrolls
 h - a scroll of fog {unknown}
 p - a scroll of identify {unknown}
Potions
 l - a potion of ambrosia {unknown}
 n - a potion of curing {unknown}


   Skills:
 + Level 3.6 Fighting
 + Level 3.8 Axes
 + Level 4.1 Dodging
 + Level 0.5 Stealth


You had 5 spell levels left.
You didn't know any spells.
Your spell library was empty.

Dungeon Overview and Level Annotations

Branches:
Dungeon (3/15)

Altars:

Annotations:
D:6 Duvessa


Innate Abilities, Weirdness & Mutations

You are too large for most types of armour.
You have claws for hands.
Your natural rate of healing is unusually fast.
You are covered in fur. (AC +1)
You have extremely tough skin. (AC +3)


Message History

You feel yourself slow down. Duvessa hits you but does no damage.
Duvessa hits you with a +0 short sword!
You hit Duvessa.
Duvessa is lightly wounded.
Duvessa hits you with a +0 short sword. Duvessa hits you with a +0 short sword!
Duvessa hits you with a +0 short sword.
* * * LOW HITPOINT WARNING * * *
You barely miss Duvessa.
Duvessa is lightly wounded.
Duvessa hits you with a +0 short sword.
* * * LOW HITPOINT WARNING * * *
Duvessa hits you with a +0 short sword.
* * * LOW HITPOINT WARNING * * *
Duvessa hits you but does no damage.
You barely miss Duvessa.
Duvessa is lightly wounded.
Duvessa hits you with a +0 short sword!
* * * LOW HITPOINT WARNING * * *
Duvessa hits you with a +0 short sword.
You die...

.....>... ###.#######
....... #.# ...#..#
#.# # ##.##..# #.#
#.#...#..# #.#
#.#..##..# #.#
.##+#........# #.#
.....##..###(#####.#.#
.<...'.........e@).#.#
.....###.###.#######.#
.... .....#.# #.# ##.
###.#.#.# #.# #
#.#.#.# #.# #.#
#.#######.# #.#
#.........# #.#
###########


You could see Duvessa (berserk).

Vanquished Creatures
  A centaur (D:6)
  Dowan (D:6)
  A howler monkey (D:6)
  A quasit (D:6)
  A killer bee zombie (D:6)
  3 gnolls (D:3)
  4 adders
  An ooze (D:1)
  A worm (D:2)
  A dart slug (D:1)
  A leopard gecko (D:3)
  A ball python (D:2)
  2 bats (D:1)
  2 giant cockroaches (D:3)
  3 hobgoblins
  11 jackals
  2 frilled lizards
  4 goblins
  3 kobolds (D:1)
  6 rats
50 creatures vanquished.

Notes
Turn   | Place    | Note
-------+----------+-------------------------------------------
     0 | D:1      | Lisafication the Troll Berserker began the quest for the
                  | Orb.
     0 | D:1      | Reached XP level 1. HP: 22/22 MP: 0/0
    97 | D:1      | Reached XP level 2. HP: 29/29 MP: 1/1
   892 | D:2      | Reached XP level 3. HP: 37/37 MP: 2/2
  1034 | D:2      | Reached ** piety under Trog
  1204 | D:3      | Reached skill level 3 in Dodging
  1371 | D:3      | Reached XP level 4. HP: 44/45 MP: 3/3
  1472 | D:3      | You fall into a shaft and drop 3 floors!
  1473 | D:6      | Noticed a centaur
  1478 | D:6      | HP: 2/45 [centaur/arrow (10)]
  1487 | D:6      | Killed a centaur
  1488 | D:6      | Reached XP level 5. HP: 16/53 MP: 0/4
  1654 | D:6      | Lost dexterity.
  1659 | D:6      | Noticed Duvessa
  1663 | D:6      | Noticed Dowan
  1678 | D:6      | Killed Dowan
  1679 | D:6      | Reached skill level 4 in Dodging
  1679 | D:6      | Reached XP level 6. HP: 61/61 MP: 0/5
  1689 | D:6      | Slain by Duvessa

Illustrated notes

Levels and vault maps discovered:
D:1:      minmay_arrival_four_loops, layout_basic
D:2:      layout_basic, chequers_ecumenical_altar_simple_redux
D:3:      layout_loops_ring, tgw_trog, minmay_misc_feat_more_columns
D:6:      corexii_shack_village, layout_basic, gammafunk_ghost_necromancy,
          uniq_eustachio, uniq_duvessa

Skill      XL: |  1  2  3  4  5 |
---------------+----------------+-----
Fighting       | 3 |  3.6
Dodging        | 3 4 |  4.1
Axes           | 3 |  3.8
Stealth        | |  0.5

Action                   |  1- 3 |  4- 6 || total
-------------------------+-------+-------++-------
Melee: Hand axe          |   106 |       ||   106
       War axe           |     6 |   124 ||   130
Invok: Berserk           |     4 |     3 ||     7
       Trog's Hand       |       |     1 ||     1
  Use: Potion            |       |     3 ||     3
Armor: Animal skin       |    55 |   262 ||   317
Dodge: Dodged            |    67 |   168 ||   235
